 Dungeon Crawl Stone Soup version 0.31.0-2-g5a2aebc5c2 (webtiles) character file.

Game seed: 15893956791763754206

156581 ProzacElf the Warrior (level 17, -4/156 HPs)
             Began as an Armataur Fighter on Jan 19, 2024.
             Was a High Priest of Wu Jian.
             Killed by divine providence
             ... invoked by an orc priest
              (14 damage)
             ... on level 2 of the Orcish Mines on Jan 21, 2024.
             The game lasted 00:42:03 (16706 turns).

ProzacElf the Warrior (Armataur Fighter)           Turns: 16706, Time: 00:42:03

Health: -4/156     AC: 27    Str: 25    XL:     17   Next: 10%
Magic:  24/24      EV:  7    Int:  9    God:    Wu Jian [*****.]
Gold:   1277       SH: 14    Dex: 17    Spells: 25/26 levels left

rFire   + . .        b - +7 captain's cutlass {speed, disarm}
rCold   + . .        j - +0 tower shield
rNeg    + + .        r - +6 chain mail of Courage {rF+ rN++}
rPois   +            f - +1 hat
rElec   .            e - +2 cloak {rPois}
rCorr   +            S - +4 pair of gloves of Absence {Regen+ rCorr Dex-3 Slay+4}
SInv    .            (no barding)
Will    +....        K - amulet of faith Stlth
                     m - +6 ring of dexterity
HPRegen 1.26/turn    Q - ring of protection from cold
MPRegen 0.19/turn

%: roll, faith
@: lethally poisoned (-4 -> -7), about to teleport
A: large, deformed body, tough skin 3, armoured tail, roll 2
a: Renounce Religion, Wall Jump, Serpent's Lash, Heavenly Storm


You were on level 2 of the Orcish Mines.
You worshipped Wu Jian.
Wu Jian was extremely pleased with you.
You visited 4 branches of the dungeon, and saw 18 of its levels.

You collected 1543 gold pieces.
You spent 266 gold pieces at shops.

Inventory:

Hand Weapons
 a - a +2 flail of venom
 b - the +7 captain's cutlass (weapon) {speed, disarm}
   (You found it on level 5 of the Lair of Beasts)
 c - a +0 spectral flail
 i - a +6 vampiric short sword
 k - a +1 arbalest of draining
 G - a +0 orcbow
Missiles
 g - 36 poisoned darts
 n - 8 curare-tipped darts (quivered)
 p - 6 datura-tipped darts
 v - 6 javelins
 D - 7 boomerangs
 T - 2 throwing nets
Armour
 e - a +2 cloak of poison resistance (worn)
 f - a +1 hat (worn)
 j - a +0 tower shield (worn)
 r - the +6 chain mail of Courage (worn) {rF+ rN++}
   (You found it on level 2 of the Dungeon)

   rF+:       It protects you from fire.
   rN++:      It greatly protects you from negative energy.
 S - the +4 pair of gloves of Absence (worn) {Regen+ rCorr Dex-3 Slay+4}
   (You bought it in a shop on level 6 of the Dungeon)

   Dex-3:     It affects your dexterity (-3).
   Slay+4:    It affects your accuracy & damage with ranged weapons and melee
   (+4).
   Regen+:    It increases your rate of health regeneration.
   rCorr:     It protects you from acid and corrosion.
Jewellery
 m - a +6 ring of dexterity (left hand)
 u - a ring of resist corrosion
 B - a ring of ice
 J - a ring of positive energy
 K - an amulet of faith (around neck)
 Q - a ring of protection from cold (right hand)
 Z - a +6 ring of intelligence
Talismans
 s - a flux talisman
 X - a serpent talisman
Wands
 x - a wand of iceblast (9)
 A - a wand of polymorph (10)
 H - a wand of quicksilver (7)
 W - a wand of flame (29)
Scrolls
 l - 2 scrolls of teleportation
 o - 4 scrolls of vulnerability
Potions
 d - 3 potions of might
 h - 4 potions of haste {unknown}
 q - 2 potions of brilliance
 t - 5 potions of curing
 C - 4 potions of attraction
 E - 2 potions of enlightenment
 F - 4 potions of mutation {unknown}
 I - 3 potions of ambrosia {!e}
 M - 3 potions of resistance
 N - 3 potions of invisibility
 O - 2 potions of lignification
 P - 2 potions of cancellation
 R - a potion of berserk rage
 Y - 3 potions of magic


   Skills:
 - Level 15.0 Fighting
 - Level 10.0 Maces & Flails
 + Level 3.5 Ranged Weapons
 - Level 5.0 Throwing
 + Level 11.5 Armour
 - Level 5.0 Dodging
 - Level 5.0 Shields
 - Level 5.0 Spellcasting
 - Level 6.3 Translocations
 - Level 11.7 Evocations


You had 25 spell levels left.
You knew the following spells:

 Your Spells              Type           Power      Damage    Failure   Level
p - Apportation           Tloc           26%        N/A       34%         1

Your spell library contained the following spells:

 Spells                   Type           Power      Damage    Failure   Level
 Necrotise                Necr           8%         1d4       99%         1
 Sting                    Conj/Alch      8%         1d3       99%         1
 Summon Small Mammal      Summ           8%         N/A       99%         1
 Ensorcelled Hibernation  Hex/Ice        4%         N/A       100%        2
 Jinxbite                 Hex            4%         N/A       100%        2
 Scorch                   Fire           4%         2d5       100%        2
 Call Canine Familiar     Summ           2%         N/A       100%        3
 Fugue of the Fallen      Necr           2%         N/A       100%        3
 Hailstorm                Conj/Ice       2%         3d5       100%        3
 Summon Ice Beast         Ice/Summ       2%         N/A       100%        3
 Anguish                  Hex/Necr       1%         N/A       100%        4
 Flame Wave               Conj/Fire      2%         2d4       100%        4
 Ignite Poison            Fire/Alch      2%         N/A       100%        4
 Olgreb's Toxic Radiance  Alch           2%         N/A       100%        4
 Sticky Flame             Fire/Alch      2%         2d4       100%        4
 Summon Blazeheart Golem  Fire/Summ      2%         N/A       100%        4
 Alistair's Intoxication  Alch           1%         N/A       100%        5
 Iskenderun's Battlesphe  Conj           2%         2d6       100%        5
 Bombard                  Conj/Erth      1%         9d1       100%        6
 Sculpt Simulacrum        Ice/Alch       1%         N/A       100%        6
 Summon Cactus Giant      Summ           1%         N/A       100%        6
 Malign Gateway           Summ/Tloc      3%         N/A       100%        7
 Ozocubu's Refrigeration  Ice            1%         4d7       100%        7
 Spellforged Servitor     Conj/Summ      1%         N/A       100%        7
 Discord                  Hex            1%         N/A       100%        8
 Ignition                 Fire           1%         3d3       100%        8
 Summon Horrible Things   Summ           1%         N/A       100%        8


Dungeon Overview and Level Annotations

Branches:
Dungeon (10/15)            Temple (1/1) D:6            Lair (5/5) D:8
 Shoals (0/4) Lair:2        Snake (0/4) Lair:3        Slime (0/5) Lair:4
    Orc (2/2) D:10            Elf (0/3) Orc:2

Altars:
Ashenzari
Cheibriados
Dithmenos
Elyvilon
Fedhas
Gozag
Hepliaklqana
Kikubaaqudgha
Makhleb
Nemelex Xobeh
Okawaru
Qazlal
Ru
Sif Muna
Trog
Uskayaw
Vehumet
Wu Jian
Xom
Yredelemnul
Zin
The Shining One
Jiyva

Shops:
D:1 (   D:3 (   D:6 [   D:7 (

Annotations:
D:3 3 runed translucent doors, Sweeb's ghost, amateur OpSh
D:6 3 runed translucent doors, middlethird's ghost, novice VSFE


Innate Abilities, Weirdness & Mutations

Armour fits poorly on your strangely shaped body.
You have extremely tough skin. (AC +3)
You have a long armoured tail.
You regenerate magic and health when rolling toward enemies. (Rampage Regen)


Message History

Beogh smites ye!
Tha orc priest mumbles some strange prayers ta Beogh against ye.
Ye resist wit' some effort.
Ye hear a shout!
Ye take 27 damage, an' haf 53/156 hp.
Ye be too injured ta fight recklessly!
Ye be too injured ta fight recklessly!
Ye be too injured ta fight recklessly!
Ye be too injured ta fight recklessly!
Ye be too injured ta fight recklessly!
As ye read tha scroll o' teleportation, it crumbles ta dust.
Ye feel strangely unst'ble.
Tha orc priest hits ye but does nay damage.
Tha orc priest looks encouraged fer a momn't.
Tha orc priest hits ye but does nay damage.
Tha orc warrior closely misses ye.
Ye block somethin''s attack.
Tha orc priest looks bra'er fer a momn't.
Tha orc priest barely misses ye.
Ye hit tha orc sorcerer.
Ye tail-slap tha orc sorcerer.
Tha orc sorcerer be severely wounded.
Tha orc priest mumbles some strange prayers ta Beogh against ye.
Beogh smites ye!
* * * LOW HITPOINT WARNIN'
* * * Tha orc priest mumbles some strange prayers ta Beogh against ye.
Beogh smites ye!
* * * LOW HITPOINT WARNIN'
* * * Somethin' hits ye but does nay damage.
Ye be poison'd.
Tha orc high priest prays ta Beogh.
Tha orc priest calls down tha wrath o' Beogh upon ye.
Beogh smites ye!
* * * LOW HITPOINT WARNIN'
* * * Tha orc priest calls down tha wrath o' Beogh upon ye.
Beogh smites ye!
* * * LOW HITPOINT WARNIN'
* * * Tha orc warrior hits ye but does nay damage.
Ye block tha orc's attack.
Tha orc priest invokes tha aid o' Beogh against ye.
Beogh smites ye!
Ye die...

#..#..44 .# ##..#...
...####...#oo#
...$#...ooooo#
#...#........4ooooo#
###...........o#{ooo
..............☼ooo#
...............{@o#
........#.....°)o.#
.........##..#..○°#
...........##.....#
............##.#..##
.........#.###.....##
.........##.#.......#
........##.......#....
.#.......##.....#...###


You could see 2 orc high priests, a hellwing (summoned), an ice devil
(summoned), an orc sorcerer, a chaos spawn (summoned), an orc warrior, 11 orc
priests, an orc wizard and an orc.

Vanquished Creatures
  Gastronok (Lair:1)
  A dire elephant (Lair:4)
  Snorg (Lair:3)
  Josephine (Orc:1)
  Fannar (Lair:3)
  A merfolk avatar (Lair:5)
  4 hydras
  4 ogre magi (Orc:1)
  A catoblepas (Lair:4)
  Erica (Orc:1)
  11 death yaks
  4 skysharks (Lair:5)
  A sea snake (Lair:5)
  Pikel (D:5)
  4 orc knights
  5 orc sorcerers (Orc:1)
  A salamander (Lair:3)
  11 elephants
  2 kobold blastminers (Orc:1)
  4 black mambas
  Maggie (D:9)
  2 torpor snails
  An unseen horror (Lair:4)
  14 cane toads
  10 komodo dragons
  7 rime drakes
  A troll (D:10)
  3 polar bears
  Prince Ribbit (D:5)
  8 hornets
  A wind drake (Lair:5)
  A dream sheep (Lair:4)
  6 blink frogs
  A culicivora (D:8)
  A snapping turtle (Lair:5)
  A shadow (D:9)
  5 wyverns
  4 wraiths
  31 yaks
  A spriggan (Lair:4)
  3 basilisks
  A golden eye (D:8)
  A warg (Orc:1)
  Eustachio (D:4)
  4 steam dragons
  An acid dragon (D:8)
  Duvessa (D:7)
  13 water moccasins
  9 orc warriors
  2 sky beasts
  6 ogres
  3 centaurs
  7 wolves (Lair:2)
  4 kobold brigands
  2 gnoll sergeants
  13 bullfrogs
  2 scorpions
  Dowan (D:7)
  6 killer bees (D:10)
  3 electric eels
  9 howler monkeys
  4 lava snakes (Lair:3)
  3 bombardier beetles
  16 jellies
  5 hounds
  12 orc priests
  A gnoll bouda (D:7)
  A sleepcap (D:5)
  11 orc wizards
  11 gnolls
  12 adders
  6 dart slugs
  2 ribbon worms
  38 orcs
  11 ball pythons
  13 endoplasms
  A giant cockroach (D:3)
  9 goblins
  8 hobgoblins
  7 jackals
  5 quokkas
  9 bats
  3 frilled lizards
  27 kobolds
  7 rats
474 creatures vanquished.

Vanquished Creatures (others)
  An orc (Orc:1)
  9 spectral weapons
10 creatures vanquished.

Grand Total: 484 creatures vanquished

Notes
Turn   | Place    | Note
-------+----------+-------------------------------------------
     0 | D:1      | ProzacElf the Armataur Fighter began the quest for the Orb.
     0 | D:1      | Reached XP level 1. HP: 18/18 MP: 1/1
   102 | D:1      | Found a faded altar of an unknown god.
   109 | D:1      | Upgraded the game from 0.31.0 to 0.31.0-2-g5a2aebc5c2
   150 | D:1      | Reached XP level 2. HP: 25/25 MP: 2/2
   290 | D:1      | Reached XP level 3. HP: 21/30 MP: 3/3
   382 | D:1      | Found Wuigiec's Weapon Boutique.
   756 | D:2      | Identified the +6 chain mail of Courage {rF+ rN++}
  1055 | D:2      | Found a broken altar of Ashenzari.
  1089 | D:2      | Reached XP level 4. HP: 37/37 MP: 4/4
  1160 | D:2      | Reached skill level 5 in Armour
  1859 | D:3      | Found a runed translucent gate.
  1862 | D:3      | Found a runed translucent gate.
  1862 | D:3      | Noticed Sweeb's ghost (amateur OpSh)
  1863 | D:3      | Found a runed translucent gate.
  1863 | D:3      | Noticed a kobold brigand
  1928 | D:3      | Reached XP level 5. HP: 42/42 MP: 5/5
  1965 | D:3      | HP: 1/42 [burnt (2)]
  2229 | D:3      | Found Kijon's Weapon Boutique.
  2427 | D:4      | Noticed Eustachio
  2443 | D:4      | Noticed a centaur
  2475 | D:4      | Killed Eustachio
  2476 | D:4      | Reached skill level 5 in Maces & Flails
  2476 | D:4      | Reached XP level 6. HP: 30/50 MP: 6/6
  3463 | D:4      | Gained mutation: You regenerate magic and health when
                  | rolling toward enemies. (Rampage Regen) [Armataur growth]
  3463 | D:4      | Reached XP level 7. HP: 55/56 MP: 7/7
  3539 | D:4      | Found an ornate altar of the Wu Jian Council.
  3539 | D:4      | Found an opulent altar of Gozag.
  3544 | D:4      | Became a worshipper of the Wu Jian Council
  3807 | D:5      | Entered Level 5 of the Dungeon
  3877 | D:5      | Reached skill level 3 in Fighting
  4338 | D:5      | Found a radiant altar of Vehumet.
  4345 | D:5      | Noticed Pikel
  4624 | D:5      | Killed Pikel
  4625 | D:5      | Reached skill level 5 in Fighting
  4625 | D:5      | Reached XP level 8. HP: 50/68 MP: 8/8
  4998 | D:5      | Noticed Prince Ribbit
  5010 | D:5      | Killed Prince Ribbit
  5162 | D:6      | Found Ruguyhow's Antique Armour Shop.
  5171 | D:6      | Bought a pair of crude gloves for 266 gold pieces
  5171 | D:6      | Identified the +4 pair of gloves of Absence {Regen+ rCorr
                  | Dex-3 Slay+4} (You bought it in a shop on level 6 of the
                  | Dungeon)
  5193 | D:6      | Found a staircase to the Ecumenical Temple.
  5198 | Temple   | Entered the Ecumenical Temple
  5294 | D:6      | Found a glowing silver altar of Zin.
  5294 | D:6      | Noticed an angel
  5354 | D:6      | Found a runed translucent gate.
  5357 | D:6      | Found a runed translucent gate.
  5357 | D:6      | Found a runed translucent gate.
  5362 | D:6      | Noticed middlethird's ghost (novice VSFE)
  5823 | D:7      | Found Jithrafe's Antique Weapon Shop.
  5913 | D:7      | Reached XP level 9. HP: 74/74 MP: 9/9
  5948 | D:7      | Reached * piety under Wu Jian
  5984 | D:7      | Reached skill level 1 in Throwing
  5984 | D:7      | Reached skill level 1 in Evocations
  6034 | D:7      | Reached skill level 10 in Maces & Flails
  6075 | D:7      | Noticed Dowan
  6076 | D:7      | Noticed Duvessa
  6079 | D:7      | Killed Dowan
  6090 | D:7      | Killed Duvessa
  6478 | D:7      | Found a sacrificial altar of Ru.
  6817 | D:8      | Reached skill level 5 in Evocations
  6819 | D:8      | Reached ** piety under Wu Jian
  6911 | D:8      | Noticed a komodo dragon
  7256 | D:8      | Reached skill level 5 in Throwing
  7268 | D:8      | Reached XP level 10. HP: 49/81 MP: 10/10
  7490 | D:8      | Found a staircase to the Lair.
  8560 | D:9      | Noticed Maggie
  8578 | D:9      | Killed Maggie
  8819 | D:10     | Entered Level 10 of the Dungeon
  8905 | D:10     | Found a staircase to the Orcish Mines.
  8919 | D:10     | Reached *** piety under Wu Jian
  8986 | D:10     | Found a hazy altar of Hepliaklqana.
  9045 | D:10     | Reached skill level 10 in Evocations
  9149 | D:10     | Reached skill level 1 in Dodging
  9615 | Lair:1   | Entered Level 1 of the Lair of Beasts
  9663 | Lair:1   | Learned a level 1 spell: Apportation
  9744 | Lair:1   | Noticed a black mamba
  9753 | Lair:1   | Killed a black mamba
  9754 | Lair:1   | Reached XP level 11. HP: 89/89 MP: 11/11
  9769 | Lair:1   | Noticed Gastronok
  9802 | Lair:1   | Killed Gastronok
  9803 | Lair:1   | Reached skill level 6 in Fighting
  9946 | Lair:1   | Reached skill level 7 in Fighting
 10150 | Lair:1   | Reached **** piety under Wu Jian
 10314 | Lair:1   | Reached skill level 8 in Fighting
 10380 | Lair:2   | Reached skill level 5 in Dodging
 10594 | Lair:2   | Reached skill level 9 in Fighting
 10628 | Lair:2   | Found a staircase to the Shoals.
 10707 | Lair:2   | Reached XP level 12. HP: 97/105 MP: 12/12
 11252 | Lair:3   | Reached skill level 10 in Fighting
 11393 | Lair:3   | Noticed Snorg
 11407 | Lair:3   | Killed Snorg
 11564 | Lair:3   | Reached skill level 5 in Shields
 11671 | Lair:3   | Noticed a seven-headed hydra
 11677 | Lair:3   | Killed a seven-headed hydra
 11714 | Lair:3   | Reached ***** piety under Wu Jian
 12079 | Lair:3   | Noticed Fannar
 12102 | Lair:3   | Killed Fannar
 12103 | Lair:3   | Reached skill level 10 in Armour
 12250 | Lair:3   | Found a staircase to the Snake Pit.
 12412 | Lair:4   | Noticed a six-headed hydra
 12417 | Lair:4   | Killed a six-headed hydra
 12418 | Lair:4   | Reached skill level 11 in Fighting
 12497 | Lair:4   | Noticed a catoblepas
 12497 | Lair:4   | Noticed a dire elephant
 12517 | Lair:4   | Found a runed translucent door.
 12573 | Lair:4   | Noticed a death yak
 12585 | Lair:4   | Noticed a death yak
 12593 | Lair:3   | Killed a death yak
 12627 | Lair:4   | Noticed a death yak
 12627 | Lair:4   | Noticed a death yak
 12628 | Lair:4   | Noticed a death yak
 12637 | Lair:3   | Killed a death yak
 12638 | Lair:3   | Reached XP level 13. HP: 99/116 MP: 13/13
 12700 | Lair:3   | HP: 2/116 [death yak (19)]
 12914 | Lair:4   | Reached skill level 12 in Fighting
 13100 | Lair:4   | Noticed Sonja
 13101 | Lair:4   | Sonja changed into something unseen
 13125 | Lair:4   | Killed Sonja the unseen horror
 13426 | Lair:4   | Reached skill level 13 in Fighting
 13534 | Lair:4   | Found a viscous altar of Jiyva.
 13539 | Lair:4   | Found a staircase to the Slime Pits.
 13993 | Lair:4   | Killed a dire elephant
 14122 | Lair:4   | Reached XP level 14. HP: 130/130 MP: 14/14
 14123 | Lair:4   | Reached skill level 5 in Spellcasting
 14123 | Lair:4   | Reached XP level 15. HP: 137/137 MP: 14/22
 14250 | Lair:5   | Entered Level 5 of the Lair of Beasts
 14312 | Lair:5   | Reached skill level 14 in Fighting
 14732 | Lair:5   | Found the +7 captain's cutlass {speed, disarm}
 14752 | Lair:5   | Reached XP level 16. HP: 147/147 MP: 23/23
 15010 | Lair:5   | Reached ****** piety under Wu Jian
 15028 | Lair:5   | Reached skill level 15 in Fighting
 15585 | Orc:1    | Entered Level 1 of the Orcish Mines
 15612 | D:10     | Reached skill level 1 in Ranged Weapons
 15659 | Orc:1    | Noticed Josephine
 15671 | Orc:1    | Killed Josephine
 15882 | Orc:1    | Noticed Erica
 15887 | Orc:1    | Killed Erica
 16118 | Orc:2    | Entered Level 2 of the Orcish Mines
 16207 | Orc:1    | Reached XP level 17. HP: 46/153 MP: 24/24
 16667 | Orc:2    | Found a staircase to the Elven Halls.
 16706 | Orc:2    | Killed from afar by an orc priest

Illustrated notes

Levels and vault maps discovered:
D:1:      minmay_arrival_nine_rooms, layout_basic,
          shapermc_ecumenical_altar_mp_urbaneastern, serial_shops, shop,
          minmay_hexomino_c4
D:2:      layout_basic, basic_altar, serial_bayou_crossing
D:3:      layout_rooms, gammafunk_ghost_nasty_kobolds, serial_shops, shop,
          minmay_misc_feat_cross, minmay_quadrilaterals
D:4:      layout_layer_cave, gammafunk_temple_overflow_statue, chequers_garden,
          uniq_eustachio
D:5:      layout_gridville, nicolae_vehumet_radiance, uniq_pikel,
          uniq_prince_ribbit1
D:6:      layout_loops_ring, zin_angel, temple_doors_e, serial_bayou,
          serial_bayou_shore_b, serial_bayou_lake_a, serial_bayou_pond_c,
          serial_bayou_pond_e, serial_shops, nicolae_shop_trees,
          gammafunk_ghost_necromancy
D:7:      layout_cave_pools, mainiacjoe_overflow_paths, serial_shops,
          nicolae_shop_rolling_square, st_stairs_3,
          minmay_misc_feat_secret_circle, serial_library_hellmonk_secret_room,
          nrook_mini_backslash, uniq_duvessa
D:8:      layout_basic, erik_lair_dragon
D:9:      layout_layer_cave, uniq_maggie
D:10:     layout_roguey, nicolae_hepliaklqana_hazy_memory,
          minmay_orc_entry_temple_small, kennysheep_pointless_box,
          nicolae_figureground_sparkle
Temple:   nicolae_temple_bog_church
Lair:1:   layout_roguey, serial_bayou_shore_b, infiniplex_staircase_pool_2,
          serial_bayou_shore_a, uniq_gastronok
Lair:2:   layout_gridlike, elwin_shoals_entry_rocks, grunt_megastairs_2
Lair:3:   beargit_carnivore_pack, layout_small_grid,
          nicolae_snake_entry_warm_welcome, uniq_fannar
Lair:4:   gammafunk_lair_enchanted_lake, layout_gridlike,
          minmay_slime_entry_jelly_boxes, grunt_forest_large_clearing_hut,
          uniq_sonja
Lair:5:   gammafunk_lair_ancient_temple, layout_hall_layers
Orc:1:    hellmonk_paralyzer, layout_diamond_mine, uniq_erica, uniq_josephine
Orc:2:    st_orc_mages, layout_caves, nooodl_orcs_dogs

Skill      XL: |  1  2  3  4  5  6  7  8  9 10 11 12 13 14 15 16 17 |
---------------+----------------------------------------------------+-----
Maces & Flails | 2 3 4 5 6 8 9 10 | 10.0
Armour         | 4 5 10 11 | 11.5
Fighting       | 5 9 11 13 14 15 | 15.0
Throwing       | 5 |  5.0
Evocations     | 5 10 11 | 11.7
Dodging        | 2 5 |  5.0
Shields        | 5 |  5.0
Translocations | 6 |  6.3
Spellcasting   | 5 |  5.0
Ranged Weapons | 2 3 |  3.5

Action                     |  1- 3 |  4- 6 |  7- 9 | 10-12 | 13-15 | 16-18 || total
---------------------------+-------+-------+-------+-------+-------+-------++-------
  Melee: Flail             |    95 |   216 |   225 |   413 |   268 |       ||  1217
         Tailslap          |     8 |    18 |    51 |   102 |    62 |    73 ||   314
         Short sword       |       |       |   119 |   130 |       |       ||   249
         Cutlass           |       |       |       |       |       |   284 ||   284
  Throw: Javelin           |       |       |     3 |       |       |       ||     3
         Dart              |       |       |     6 |     9 |     5 |       ||    20
 Invoke: Heavenly Storm    |       |       |       |       |       |     1 ||     1
Ability: Lunge             |       |       |    12 |    33 |    12 |    12 ||    69
         Whirlwind         |       |       |     3 |     3 |     3 |    10 ||    19
         Wall Jump         |       |       |       |       |     1 |       ||     1
  Evoke: Wand              |       |       |     8 |    10 |     5 |     6 ||    29
    Use: Potion            |       |     2 |     1 |     3 |     3 |     1 ||    10
         Scroll            |       |       |    17 |     6 |     4 |     5 ||    32
   Stab: Distracted        |       |       |       |     7 |     4 |       ||    11
 Armour: Scale mail        |    44 |       |       |       |       |       ||    44
         Chain mail        |    16 |   267 |   416 |   394 |   266 |   256 ||  1615
  Dodge: Dodged            |    50 |   114 |    97 |   114 |    64 |    94 ||   533
  Block: Buckler           |    15 |    74 |    88 |   123 |       |       ||   300
         Tower shield      |       |       |       |     1 |   202 |   276 ||   479

Action                     |  1- 3 |  4- 6 |  7- 9 | 10-12 | 13-15 | 16-18 || total
---------------------------+-------+-------+-------+-------+-------+-------++-------
  Melee: Flail             |    95 |   216 |   225 |   413 |   268 |       ||  1217
         Tailslap          |     8 |    18 |    51 |   102 |    62 |    73 ||   314
         Short sword       |       |       |   119 |   130 |       |       ||   249
         Cutlass           |       |       |       |       |       |   284 ||   284
  Throw: Javelin           |       |       |     3 |       |       |       ||     3
         Dart              |       |       |     6 |     9 |     5 |       ||    20
 Invoke: Heavenly Storm    |       |       |       |       |       |     1 ||     1
Ability: Lunge             |       |       |    12 |    33 |    12 |    12 ||    69
         Whirlwind         |       |       |     3 |     3 |     3 |    10 ||    19
         Wall Jump         |       |       |       |       |     1 |       ||     1
  Evoke: Wand              |       |       |     8 |    10 |     5 |     6 ||    29
    Use: Potion            |       |     2 |     1 |     3 |     3 |     1 ||    10
         Scroll            |       |       |    17 |     6 |     4 |     5 ||    32
   Stab: Distracted        |       |       |       |     7 |     4 |       ||    11
 Armour: Scale mail        |    44 |       |       |       |       |       ||    44
         Chain mail        |    16 |   267 |   416 |   394 |   266 |   256 ||  1615
  Dodge: Dodged            |    50 |   114 |    97 |   114 |    64 |    94 ||   533
  Block: Buckler           |    15 |    74 |    88 |   123 |       |       ||   300
         Tower shield      |       |       |       |     1 |   202 |   276 ||   479

Levels and vault maps discovered:
D:1:      minmay_arrival_nine_rooms, layout_basic,
          shapermc_ecumenical_altar_mp_urbaneastern, serial_shops, shop,
          minmay_hexomino_c4
D:2:      layout_basic, basic_altar, serial_bayou_crossing
D:3:      layout_rooms, gammafunk_ghost_nasty_kobolds, serial_shops, shop,
          minmay_misc_feat_cross, minmay_quadrilaterals
D:4:      layout_layer_cave, gammafunk_temple_overflow_statue, chequers_garden,
          uniq_eustachio
D:5:      layout_gridville, nicolae_vehumet_radiance, uniq_pikel,
          uniq_prince_ribbit1
D:6:      layout_loops_ring, zin_angel, temple_doors_e, serial_bayou,
          serial_bayou_shore_b, serial_bayou_lake_a, serial_bayou_pond_c,
          serial_bayou_pond_e, serial_shops, nicolae_shop_trees,
          gammafunk_ghost_necromancy
D:7:      layout_cave_pools, mainiacjoe_overflow_paths, serial_shops,
          nicolae_shop_rolling_square, st_stairs_3,
          minmay_misc_feat_secret_circle, serial_library_hellmonk_secret_room,
          nrook_mini_backslash, uniq_duvessa
D:8:      layout_basic, erik_lair_dragon
D:9:      layout_layer_cave, uniq_maggie
D:10:     layout_roguey, nicolae_hepliaklqana_hazy_memory,
          minmay_orc_entry_temple_small, kennysheep_pointless_box,
          nicolae_figureground_sparkle
Temple:   nicolae_temple_bog_church
Lair:1:   layout_roguey, serial_bayou_shore_b, infiniplex_staircase_pool_2,
          serial_bayou_shore_a, uniq_gastronok
Lair:2:   layout_gridlike, elwin_shoals_entry_rocks, grunt_megastairs_2
Lair:3:   beargit_carnivore_pack, layout_small_grid,
          nicolae_snake_entry_warm_welcome, uniq_fannar
Lair:4:   gammafunk_lair_enchanted_lake, layout_gridlike,
          minmay_slime_entry_jelly_boxes, grunt_forest_large_clearing_hut,
          uniq_sonja
Lair:5:   gammafunk_lair_ancient_temple, layout_hall_layers
Orc:1:    hellmonk_paralyzer, layout_diamond_mine, uniq_erica, uniq_josephine
Orc:2:    st_orc_mages, layout_caves, nooodl_orcs_dogs
